 Dungeon Crawl Stone Soup version 0.18.1-50-g88ac8fd (webtiles) character file.

2132 Amnesiac the Slicer (level 9, -3/68 HPs)
             Began as a Merfolk Fighter on Mar 5, 2018.
             Killed by nerve-wracking pain
             ... invoked by an orc priest
              (11 damage)
             ... on level 6 of the Dungeon.
             The game lasted 00:14:13 (6779 turns).

Amnesiac the Slicer (Merfolk Fighter)               Turns: 6779, Time: 00:14:14

Health: -3/68      AC: 16    Str: 20    XL:     9   Next: 30%
Magic:  12/12      EV:  4    Int:  7    God:
Gold:   186        SH: 14    Dex: 13    Spells: 0 memorised, 8 levels left

rFire  . . .     SeeInvis .     a - +0 rapier
rCold  . . .     Gourm    .     p - +0 plate armour
rNeg   + . .     Faith    .     y - +0 large shield
rPois  .         Spirit   .     g - +0 helmet
rElec  .         Dismiss  .     v - +2 cloak
rCorr  .         Reflect  .     (no gloves)
SustAt .         Harm     .     (no boots)
MR     .....                    (no amulet)
Stlth  ..........               n - ring of flight
                                d - ring of positive energy

@: not resistant to hostile enchantments, extremely unstealthy
A: change form in water, swift swim
a: Evoke Flight


You were on level 6 of the Dungeon.
You were hungry.

You visited 2 branches of the dungeon, and saw 7 of its levels.

You collected 186 gold pieces.

Inventory:

Hand Weapons
 a - a +0 rapier (weapon)
 b - a +2 hand crossbow of velocity
Missiles
 i - a throwing net (quivered)
Armour
 g - a +0 helmet (worn)
 p - a +0 plate armour (worn)
 v - a +2 cloak (worn)
 y - a +0 large shield (worn)
Magical Staves
 s - an uncursed staff of conjuration {unknown}
Jewellery
 d - a ring of positive energy (left hand)
 n - a ring of flight (right hand)
Scrolls
 h - a scroll of fog {!r, unknown}
 j - a scroll of recharging {!r}
 o - 3 scrolls of teleportation {!r}
 r - 3 scrolls of amnesia {!r}
 A - a scroll of fear {!r}
Potions
 e - a potion of flight {!q}
 x - a potion of agility {!q}
Comestibles
 f - 3 bread rations
 k - 4 meat rations
 m - a beef jerky
 t - 4 fruits
 z - a royal jelly


   Skills:
 - Level 5.2 Fighting
 - Level 8.0 Short Blades
 - Level 5.0 Armour
 - Level 5.1 Dodging
 - Level 5.1 Shields
 + Level 4.1 Evocations


You had 8 spell levels left.
You didn't know any spells.

Dungeon Overview and Level Annotations

Branches:
Dungeon (6/15)             Temple (1/1) D:4

Altars:
Ashenzari
Cheibriados
Dithmenos
Elyvilon
Fedhas
Gozag
Kikubaaqudgha
Makhleb
Nemelex Xobeh
Okawaru
Qazlal
Sif Muna
Trog
Vehumet
Xom
Yredelemnul
Zin
The Shining One

Annotations:
D:4 Amnesiac's ghost, amateur DEFi; Eustachio; Menkaure


Message History

Your plate armour prevents you from hitting the orc wizard.
The orc wizard is lightly wounded.
You block the orc wizard's attack.
You puncture the orc wizard!
The orc wizard is heavily wounded.
The orc priest calls down the wrath of Beogh upon you.
You struggle to resist.
The orc wizard gestures at you while chanting.
You easily resist.
Your shield and plate armour prevent you from hitting the orc wizard.
The orc wizard is heavily wounded.
You block the orc priest's attack. The orc wizard casts a spell at you.
You are confused.
You are too confused!
You are too confused!
You are too confused!
You are too confused!
You are too confused!
You are too confused!
You are too confused!
You are too confused!
You are too confused!
You are too confused!
You are too confused!
You are too confused!
You are too confused!
You are too confused!
You are too confused!
You are too confused!
You are too confused!
You are too confused!
You are too confused!
You bump into the rock wall.
The orc priest hits you but does no damage.
The orc wizard hits you but does no damage.
The orc wizard hits you but does no damage.
Things that are here:
a dagger; a robe; an orc corpse You see here a scroll of recharging {!r}.
You're too confused to move!
The orc priest hits you from afar with a trident.
* * * LOW HITPOINT WARNING * * *
The orc wizard hits you but does no damage.
You feel less confused. The orc wizard casts a spell at you.
You easily resist.
The orc priest casts a cantrip, but nothing happens.
The orc priest mumbles some strange prayers to Beogh against you.
Beogh smites you!
* * * LOW HITPOINT WARNING * * *
The orc wizard gestures at you while chanting.
You easily resist.
The orc priest calls down the wrath of Beogh upon you.
Pain shoots through your body!
* * * LOW HITPOINT WARNING * * *
The orc wizard casts a spell at you. The puff of flame hits you!
Drink which item? (? for menu, Esc to quit)
Really quaff
u - a potion of curing {!q}?
You feel better.
The orc priest invokes the aid of Beogh against you.
Pain shoots through your body!
You die...

### ######## ....
#<.....# .....
#......#
......#####......#
..........#......#
....$.###..@.....#
..... ##.......#
#### #.......#
#..oo...#
..######.).....#
#........#######
...####)### ####
#.##.....#.....
#.#....(.......


You could see an orc priest and an orc wizard.

Vanquished Creatures
  Pikel (D:5)
  Grinder (D:4)
  3 slaves
  An ice beast (D:6)
  A phantom (D:4)
  3 orc wizards
  A sky beast (D:5)
  2 ogres (D:5)
  4 centaurs (D:5)
  A giant frog (D:5)
  A scorpion (D:6)
  A howler monkey (D:4)
  3 crimson imps
  2 orc priests
  2 hounds
  2 iguanas (D:5)
  7 worker ants
  2 hound skeletons (D:4)
  3 adders
  A shadow imp (D:5)
  An ooze (D:1)
  8 worms
  A dart slug (D:1)
  5 giant geckos
  11 orcs
  A giant cockroach (D:5)
  6 goblins
  3 hobgoblins
  3 jackals (D:2)
  A quokka (D:4)
  9 bats
  5 giant newts
  10 kobolds
  5 rats
111 creatures vanquished.

Vanquished Creatures (others)
  A slave (D:4)
  A giant cockroach (D:3)
2 creatures vanquished.

Grand Total: 113 creatures vanquished

Notes
Turn   | Place    | Note
--------------------------------------------------------------
     0 | D:1      | Amnesiac the Merfolk Fighter began the quest for the Orb.
     0 | D:1      | Reached XP level 1. HP: 18/18 MP: 1/1
   169 | D:1      | You fall through a shaft!
   169 | D:2      | Found a basalt altar of Yredelemnul.
   182 | D:2      | Reached skill level 3 in Short Blades
   253 | D:2      | Reached XP level 2. HP: 21/24 MP: 2/2
   545 | D:3      | Reached skill level 4 in Short Blades
   583 | D:3      | Reached XP level 3. HP: 26/29 MP: 3/3
   784 | D:4      | Reached skill level 5 in Short Blades
   784 | D:4      | Reached XP level 4. HP: 32/35 MP: 4/4
   791 | D:5      | Entered Level 5 of the Dungeon
   867 | D:4      | Reached skill level 6 in Short Blades
   867 | D:4      | Reached XP level 5. HP: 35/41 MP: 5/5
   872 | D:4      | Noticed a slave
   878 | D:4      | Noticed a slave
   879 | D:4      | Noticed Pikel
   880 | D:4      | Noticed a phantom
   892 | D:4      | Noticed Amnesiac's ghost (amateur DEFi)
   920 | D:4      | Noticed a slave
   922 | D:4      | Noticed a slave
   927 | D:4      | Noticed Eustachio
  1130 | D:4      | Found a staircase to the Ecumenical Temple.
  1145 | Temple   | Entered the Ecumenical Temple
  1585 | D:3      | Killed a slave
  2454 | D:3      | Reached skill level 7 in Short Blades
  2972 | D:2      | Reached XP level 6. HP: 43/47 MP: 6/6
  3892 | D:4      | Noticed Menkaure
  3915 | D:4      | HP: 2/47 [Menkaure/nerve-wracking pain (12)]
  4171 | D:4      | Found a shadowy altar of Dithmenos.
  4171 | D:4      | Found a snail-covered altar of Cheibriados.
  4173 | D:4      | Found a white marble altar of Elyvilon.
  4174 | D:4      | Found a shattered altar of Ashenzari.
  4174 | D:4      | Found a glowing golden altar of the Shining One.
  4175 | D:4      | Found a burning altar of Makhleb.
  4175 | D:4      | Found an ancient bone altar of Kikubaaqudgha.
  4176 | D:4      | Found an iron altar of Okawaru.
  4348 | D:4      | Killed a slave
  4368 | D:4      | Killed a slave
  4441 | D:4      | Noticed Grinder
  4515 | D:5      | Killed Pikel
  4515 | D:5      | Reached XP level 7. HP: 27/52 MP: 7/7
  4670 | D:4      | Killed Grinder
  4684 | D:4      | Reached XP level 8. HP: 46/58 MP: 8/8
  4715 | D:4      | Reached skill level 8 in Short Blades
  4830 | D:3      | Reached skill level 5 in Armour
  5375 | D:5      | Reached skill level 5 in Shields
  5723 | D:5      | Reached skill level 5 in Fighting
  5986 | D:5      | Reached XP level 9. HP: 67/68 MP: 9/9
  6054 | D:5      | Reached skill level 5 in Dodging
  6312 | D:5      | Reached skill level 1 in Evocations
  6659 | D:6      | Identified a scroll of acquirement {!r}
  6778 | D:6      | HP: 2/68 [orc priest/nerve-wracking pain (10)]
  6779 | D:6      | Killed from afar by an orc priest

Skill      XL: |  1  2  3  4  5  6  7  8  9 |
---------------+----------------------------+-----
Short Blades   | 3 4 5 6 7 8 |  8.0
Armour         | 4 5 |  5.0
Shields        | 4 5 |  5.1
Fighting       | 5 |  5.2
Dodging        | 4 5 |  5.1
Evocations     | 4 |  4.1

Action                   |  1- 3 |  4- 6 |  7- 9 || total
-------------------------+-------+-------+-------++-------
Melee: Rapier            |    72 |   399 |   434 ||   905
  Use: Potion            |     1 |     2 |     4 ||     7
       Scroll            |       |     4 |     7 ||    11
  Eat: Chunk             |       |     7 |     8 ||    15
       Bread ration      |       |     1 |       ||     1
Armor: Scale mail        |    29 |    55 |       ||    84
       Plate armour      |       |   101 |   245 ||   346
Dodge: Dodged            |    17 |    51 |    27 ||    95
Block: Shield            |    27 |   114 |       ||   141
       Large shield      |       |    72 |   340 ||   412
